 Dungeon Crawl Stone Soup version 0.27-a0-1296-g8ece459b43 (console) character file.

Game seed: 7474434250957000433

93 Hector the Skirmisher (level 4, -5/38 HPs)
             Began as a Djinni Abyssal Knight on June 16, 2021.
             Was a Believer of Lugonu.
             Slain by an orc priest (6 damage)
             ... on level 3 of the Dungeon.
             The game lasted 00:06:03 (3518 turns).

Hector the Skirmisher (Djinni Abyssal Knight)       Turns: 3518, Time: 00:06:03

Health: -5/38      AC:  3    Str: 11    XL:     4   Next: 92%
Gold:   114        EV: 11    Int: 14    God:    Lugonu [**....] SH:  0 Dex: 13

rFire    + + .     SeeInvis .   a - +1 hand axe
rCold    x . .     Faith    .   (no shield)
rNeg     . . .     Spirit   .   b - +0 leather armour
rPois    ∞         Reflect  .   (no helmet)
rElec    .         Harm     .   (no cloak)
rCorr    .         Rampage  .   (no gloves)
Will     .....                  (boots unavailable)
Stlth    +.........             (no amulet)
HPRegen  0.12/turn              (no ring)
MPRegen  0.00/turn              (no ring)

@: flying
A: sickness immunity, fire resistance 2, cold vulnerability 1, float, innate
caster, hp casting, extra vitality 1
a: Renounce Religion, Depart the Abyss, Bend Space


You were on level 3 of the Dungeon.
You worshipped Lugonu.
Lugonu was pleased with you.
You visited 1 branch of the dungeon, and saw 3 of its levels.
You visited the Abyss 1 time.

You collected 114 gold pieces.

Inventory:

Hand Weapons
 a - a +1 hand axe (weapon)
 c - a +4 dagger of holy wrath
Missiles
 f - 62 stones
 q - 11 poisoned darts
Armour
 b - a +0 leather armour (worn)
Jewellery
 o - a ring of fire
Wands
 l - a wand of iceblast (10)
 r - a wand of charming (2)
Scrolls
 d - 5 scrolls of teleportation {unknown}
 e - a scroll of blinking {unknown}
 g - 2 scrolls of torment {unknown}
 h - 2 scrolls of identify {unknown}
 j - a scroll of magic mapping {unknown}
 m - a scroll of vulnerability {unknown}
 n - a scroll of brand weapon {unknown}
Potions
 i - a potion of lignification {unknown}
 k - a potion of resistance {unknown}
 p - 2 potions of magic {unknown}


   Skills:
 + Level 4.3 Fighting
 - Level 2.0 Axes
 - Level 1.0 Armour
 - Level 2.1 Dodging
 * Level 1.4 Spellcasting
 - Level 1.7 Invocations


You had 4 spell levels left.
You knew the following spells:

 Your Spells              Type           Power      Damage    Failure   Level
a - Foxfire               Conj/Fire      20%        2x1d5     19%         1
Your spell library was empty.

Dungeon Overview and Level Annotations

Branches:
Dungeon (3/15)

Altars:


Innate Abilities, Weirdness & Mutations

You are immune to sickness and miasma.
You are immune to poison.
Your flesh is very heat resistant. (rF++)
You are vulnerable to cold. (rC-)
You float through the air rather than walking.
You learn spells naturally, not from books.
Your magical power is your life essence.
You have superior vitality. (+4 HP)


Message History

The foxfire hits the orc priest.
The orc priest is severely wounded.
The orc priest barely misses you.
Casting: Foxfire (safe; 19% risk of failure)
Confirm with . or Enter, or press ? or * to list all spells.
You conjure some foxfire!
The orc priest hits you with a +0 club.
The foxfire hits the orc priest but does no damage.
The orc priest is severely wounded.
The foxfire hits the orc priest.
The orc priest is severely wounded.
The orc priest misses you.
Casting: Foxfire (safe; 19% risk of failure)
Confirm with . or Enter, or press ? or * to list all spells.
You conjure some foxfire!
The orc priest hits you with a +0 club.
The foxfire hits the orc priest but does no damage.
The orc priest is severely wounded.
The foxfire hits the orc priest.
The orc priest is almost dead.
The orc priest mumbles some strange prayers to Beogh against you.
Beogh smites you!
* * * LOW HITPOINT WARNING * * *
Casting: Foxfire (safe; 19% risk of failure)
Confirm with . or Enter, or press ? or * to list all spells.
You conjure some foxfire!
* * * LOW HITPOINT WARNING * * *
The orc priest hits you with a +0 club.
* * * LOW HITPOINT WARNING * * *
The foxfire hits the orc priest but does no damage.
The orc priest is almost dead.
The foxfire hits the orc priest but does no damage.
The orc priest is almost dead.
The orc priest hits you with a +0 club.
* * * LOW HITPOINT WARNING * * *
Your magical contamination has completely faded away.
Casting: Foxfire (safe; 19% risk of failure)
Confirm with . or Enter, or press ? or * to list all spells.
You conjure some foxfire!
* * * LOW HITPOINT WARNING * * *
The orc priest hits you with a +0 club.
You die...

#.#≈≈...≈≈♣♣#
#.##♣≈.†≈♣≈# #.#
#...)≈## #.###...♣)###
#.##........#
#######.##.######)#
...............##.######
###.###.##.###.##.......
##v@.#.# #.##.##....
#.vo...###.##.##8...
##...#.........#....
##)############8... #.#
#.... #.# #8... #'#
#.... ... #8... ...
#....


You could see an orc priest (ally target).

Vanquished Creatures
  3 adders (D:2)
  3 worms
  A dart slug (D:2)
  4 orcs (D:3)
  3 bats
  7 endoplasms
  2 giant cockroaches
  8 goblins
  6 hobgoblins
  A quokka (D:2)
  3 ball pythons
  A frilled lizard (D:3)
  A kobold (D:1)
  5 rats
48 creatures vanquished.

Vanquished Creatures (collateral kills)
  A foxfire (D:3)
1 creature vanquished.

Vanquished Creatures (others)
  111 foxfires
  5 plants (D:3)
116 creatures vanquished.

Grand Total: 165 creatures vanquished

Notes
Turn   | Place    | Note
-------+----------+-------------------------------------------
     0 | Abyss:1  | Hector the Djinni Abyssal Knight began the quest for the
                  | Orb.
     0 | Abyss:1  | Reached XP level 1. HP: 20/20 MP: 0/0
    31 | D:1      | Escaped the Abyss
   462 | D:1      | Reached XP level 2. HP: 25/25 MP: 0/0
  1445 | D:2      | Reached XP level 3. HP: 28/30 MP: 0/0
  1445 | D:2      | Learned a level 1 spell: Foxfire
  1554 | D:2      | Reached skill level 4 in Fighting
  1775 | D:2      | Reached XP level 4. HP: 26/37 MP: 0/0
  2154 | D:2      | Reached skill level 1 in Spellcasting
  2230 | D:2      | Reached ** piety under Lugonu
  3518 | D:3      | Slain by an orc priest

Illustrated notes

Levels and vault maps discovered:
D:1:      dpeg_arrival_circle_labyrinth_c, layout_loops_ring
D:2:      minmay_diamond_boxcup, layout_basic, grunt_ministairs_6
D:3:      kennysheep_the_goblin_king, layout_loops_corners,
          lemuel_zombie_altar_yredelemnul,
          hellmonk_ecumenical_altar_pennies_from_heaven, serial_bayou_ford_a

Skill      XL: |  1  2  3  4 |
---------------+-------------+-----
Axes           | 2 |  2.0
Fighting       | 4 |  4.3
Spellcasting   | 1 |  1.4
Armour         | |  1.0
Dodging        | |  2.1
Invocations    | |  1.7

Action                   |  1- 3 |  4- 6 || total
-------------------------+-------+-------++-------
Melee: Hand axe          |    78 |     6 ||    84
 Cast: Foxfire           |     6 |    54 ||    60
 Stab: Sleeping          |     1 |       ||     1
Armor: Leather armour    |    24 |     5 ||    29
Dodge: Dodged            |    65 |    18 ||    83

Table legend: (Time is in decaauts)
 A = Elapsed time spent in this place.
 B = Non-inter-level travel time spent in this place.
 C = Inter-level travel time spent in this place.
 D = Time resting spent in this place.
 E = Time spent auto-exploring this place.
 F = Levels seen in this place.
 G = Mean time per level.
                   A        B        C        D        E       F      G
               +--------+--------+--------+--------+--------+-----+--------+
         Total |   3538 |   3345 |    193 |     21 |   2824 |   4 |  884.5 |
       Dungeon |   3507 |   3314 |    193 |     21 |   2807 |   3 | 1169.0 |
         Abyss |     31 |     31 |      0 |      0 |     17 |   1 |   31.0 |
               +--------+--------+--------+--------+--------+-----+--------+

Top non-repeatable levels by time:
     D:2: 1592 daAuts
     D:1: 1153 daAuts
     D:3: 761 daAuts
 Abyss:1: 31 daAuts
